 Dungeon Crawl Stone Soup version 0.29.1-15-g9cfb28693d (webtiles) character file.

Game seed: 6828112124597646643

5692 growler the Destroyer (level 10, 0/60 HPs)
             Began as a Deep Elf Conjurer on Mar 10, 2023.
             Was an Initiate of Vehumet.
             Slain by a two-headed ogre
             ... wielding a +0 giant club
              (18 damage)
             ... on level 9 of the Dungeon on Mar 11, 2023.
             The game lasted 00:43:32 (11621 turns).

growler the Destroyer (Deep Elf Conjurer)          Turns: 11621, Time: 00:43:33

Health: 0/60       AC:  7    Str:  4    XL:     10   Next: 47%
Magic:  18/22      EV: 12    Int: 28    God:    Vehumet [......]
Gold:   394        SH:  3    Dex: 13    Spells: 7/23 levels left

rFire   . . .      SeeInvis .   (no weapon)
rCold   . . .      Faith    .   I - +0 buckler
rNeg    . . .      Spirit   .   y - +0 steam dragon scales
rPois   .          Reflect  .   (no helmet)
rElec   .          Harm     .   (no cloak)
rCorr   .          Rampage  .   (no gloves)
Will    +....                   H - +1 pair of boots
Stlth   ++........              t - amulet of magic regeneration
HPRegen 0.20/turn               (no ring)
MPRegen 0.58/turn               (no ring)

@: no status effects
A: no striking features
a: Renounce Religion


You were on level 9 of the Dungeon.
You worshipped Vehumet.
Vehumet was noncommittal.
You visited 2 branches of the dungeon, and saw 10 of its levels.

You collected 394 gold pieces.

Inventory:

Hand Weapons
 s - a +1 dagger of venom
Missiles
 A - a throwing net
Armour
 a - a +1 robe
 y - +0 steam dragon scales (worn)
 H - a +1 pair of boots (worn)
 I - a +0 buckler (worn)
Jewellery
 h - a ring of resist corrosion
 t - an amulet of magic regeneration (around neck)
 F - an amulet of regeneration
Wands
 k - a wand of roots (17)
 v - a wand of charming (6)
 E - a wand of digging (6)
Scrolls
 d - a scroll of identify
 g - 4 scrolls of enchant armour
 i - a scroll of teleportation {unknown}
 j - a scroll of immolation
 n - a scroll of fear
 o - a scroll of vulnerability {unknown}
 p - a scroll of poison
 q - a scroll of amnesia {unknown}
 D - a scroll of magic mapping {unknown}
 G - a scroll of silence {unknown}
Potions
 b - 3 potions of magic
 c - 4 potions of flight
 e - 2 potions of cancellation {unknown}
 f - a potion of brilliance
 l - 2 potions of attraction
 m - a potion of curing
 r - 2 potions of lignification
 u - 2 potions of degeneration {unknown}
 w - 2 potions of might {unknown}
 x - a potion of berserk rage {unknown}
 z - 4 potions of mutation {unknown}
 C - a potion of haste


   Skills:
 + Level 6.2 Fighting
 - Level 2.4 Dodging
 - Level 2.4 Stealth
 - Level 7.0 Spellcasting
 + Level 13.6 Conjurations
 - Level 4.0 Hexes
 - Level 4.0 Translocations


You had 7 spell levels left.
You knew the following spells:

 Your Spells              Type           Power      Damage    Failure   Level
a - Magic Dart            Conj           100%       1d8       1%          1
b - Searing Ray           Conj           100%       2d8       1%          2
c - Dazzling Flash        Conj/Hex       100%       N/A       1%          3
d - Fulminant Prism       Conj/Hex       28%        3d14      1%          4
e - Iskenderun's Mystic   Conj/Tloc      56%        2d12      1%          4
f - Blink                 Tloc           64%        N/A       2%          2

Your spell library contained the following spells:

 Spells                   Type           Power      Damage    Failure   Level
 Mephitic Cloud           Conj/Pois/Air  35%        N/A       3%          3
 Lesser Beckoning         Tloc           32%        N/A       4%          3
 Hailstorm                Conj/Ice       47%        3d11      4%          4
 Call Imp                 Summ           9%         N/A       11%         2
 Manifold Assault         Tloc           32%        N/A       36%         5
 Ice Form                 Ice/Tmut       9%         N/A       58%         4
 Simulacrum               Ice/Necr       4%         N/A       100%        6


Dungeon Overview and Level Annotations

Branches:
Dungeon (9/15)             Temple (1/1) D:7            Lair (0/5) D:9
    Orc: D:9-12

Altars:
Ashenzari
Cheibriados
Dithmenos
Elyvilon
Fedhas
Gozag
Hepliaklqana
Kikubaaqudgha
Makhleb
Nemelex Xobeh
Okawaru
Ru
Sif Muna
Trog
Uskayaw
Vehumet
Xom
Yredelemnul
Zin
The Shining One

Shops:
D:1 (?*=   D:8 [

Portals:
Abyss: D:4

Annotations:
D:4 2 transporters, AverageBear's ghost, amateur DsFi
D:6 2 runed translucent doors
D:7 1 runed translucent door, Crazy Yiuf
D:8 3 runed translucent doors, leafyfresh's ghost, novice OpDe


Message History

The two-headed ogre attacks as you move away!
The two-headed ogre hits you with a +0 giant club!
The two-headed ogre closely misses you.
You feel stable enough to blink again.
Casting: Blink (safe; 2% risk of failure)
Confirm with . or Enter, or press ? or * to list all spells.
You blink.
A yak comes into view.
You feel stable enough to blink again.
Casting: Blink (safe; 2% risk of failure)
Confirm with . or Enter, or press ? or * to list all spells.
You blink.
The two-headed ogre closely misses you. The two-headed ogre barely misses you.
The yak bellows!
A yak comes into view. x2
You feel stable enough to blink again.
The yak bellows!
Casting: Blink (safe; 2% risk of failure)
Confirm with . or Enter, or press ? or * to list all spells.
Aiming: Fulminant Prism (dangerous; 1% risk of failure)
Press: ? - help, Dir - move target You conjure a prism of explosive energy!
A fulminant prism comes into view.
A yak comes into view.
Your fulminant prism crackles loudly.
Your fulminant prism explodes!
You hear a howl! x2
There is an open door here.
Really attack while wielding nothing? [Y]es or [N]o only, please.
Really attack while wielding nothing?
Okay, then.
The yak attacks as you move away! The yak gores you!
The two-headed ogre hits you with a +0 giant club.
The two-headed ogre hits you with a +0 dire flail!!
* * * LOW HITPOINT WARNING * * *
Unknown command.
The two-headed ogre attacks as you move away!
The two-headed ogre hits you with a +0 giant club!!
You die...

### #.# # ...## #.#
#. ...# #.# #..
###'### #.# ...
##.....###.# YY
#.......##.#
#.##@......##.#
#..YO.._...'..# .
####.......##.######.
#.......##.##.....
##.....###.##....~
###+####..##...~.
#........#..≈≈~
########....~≈≈
##....≈≈


You could see a two-headed ogre and a yak.

Vanquished Creatures
  Maggie (D:6)
  A komodo dragon (D:7)
  A troll (D:9)
  Sigmund (D:5)
  A wyvern (D:7)
  2 steam dragons (D:7)
  Edmund (D:5)
  5 water moccasins
  2 ice beasts
  3 black bears (D:6)
  A sky beast (D:6)
  5 orc warriors
  A centaur (D:7)
  2 wolves (D:9)
  3 ogres
  2 phantoms (D:4)
  Blork the orc (D:6)
  4 bullfrogs
  3 kobold brigands
  3 necrophages
  3 scorpions
  A gnoll sergeant (D:7)
  5 killer bees (D:9)
  2 electric eels (D:9)
  8 hounds
  2 jellies
  An orc priest (D:8)
  A gnoll bouda (D:7)
  2 iguanas
  Terence (D:2)
  7 orc wizards
  11 gnolls
  7 adders
  A shadow imp (D:7)
  2 white imps (D:7)
  3 worms
  4 dart slugs
  20 orcs
  7 ball pythons
  3 bats
  5 endoplasms
  A giant cockroach (D:1)
  8 goblins
  9 hobgoblins
  A quokka (D:3)
  3 frilled lizards
  18 kobolds
  8 rats
  A fulminant prism (D:7)
188 creatures vanquished.

Vanquished Creatures (others)
  63 fulminant prisms
  6 fungi
  2 plants (D:8)
71 creatures vanquished.

Grand Total: 259 creatures vanquished

Notes
Turn   | Place    | Note
-------+----------+-------------------------------------------
     0 | D:1      | growler the Deep Elf Conjurer began the quest for the Orb.
     0 | D:1      | Reached XP level 1. HP: 10/10 MP: 6/6
    80 | D:1      | Found Plog's Antique Weapon Boutique.
    96 | D:1      | Found a faded altar of an unknown god.
   355 | D:1      | Found Jiav's Magic Scroll Shoppe.
   425 | D:1      | Reached XP level 2. HP: 15/15 MP: 3/8
   490 | D:1      | Learned a level 2 spell: Searing Ray
   510 | D:1      | Found Faqagy's General Store.
   726 | D:1      | Found Ifityrr's Jewellery Shoppe.
  1100 | D:2      | Reached XP level 3. HP: 19/19 MP: 4/10
  1104 | D:2      | Learned a level 3 spell: Dazzling Flash
  1160 | D:2      | Reached skill level 5 in Conjurations
  1413 | D:2      | Noticed Terence
  1421 | D:2      | Killed Terence
  1792 | D:2      | Reached XP level 4. HP: 24/24 MP: 10/12
  1831 | D:2      | Found a bloodstained altar of Trog.
  2164 | D:3      | Reached skill level 5 in Spellcasting
  2564 | D:3      | Reached XP level 5. HP: 21/28 MP: 6/14
  2744 | D:3      | Found a sacrificial altar of Ru.
  3220 | D:3      | Found a broken altar of Ashenzari.
  3327 | D:4      | Found a transporter.
  3368 | D:4      | Reached skill level 6 in Conjurations
  3451 | D:4      | Noticed a phantom
  3459 | D:4      | Killed a phantom
  3460 | D:4      | Reached XP level 6. HP: 29/32 MP: 9/17
  3546 | D:4      | Found a one-way gate to the infinite horrors of the Abyss.
  3561 | D:4      | Noticed a small abomination
  3582 | D:4      | Noticed a +0 dagger
  3587 | D:4      | Noticed a +0 dagger
  3628 | D:4      | Found a hide-covered altar of Uskayaw.
  3726 | D:4      | Learned a level 4 spell: Fulminant Prism
  3731 | D:4      | Learned a level 4 spell: Iskenderun's Mystic Blast
  4002 | D:4      | Reached skill level 7 in Conjurations
  4134 | D:4      | Found a transporter.
  4135 | D:4      | Noticed AverageBear's ghost (amateur DsFi)
  4453 | D:4      | Reached XP level 7. HP: 23/36 MP: 11/19
  4578 | D:5      | Entered Level 5 of the Dungeon
  4578 | D:5      | Noticed Sigmund
  4585 | D:5      | Killed Sigmund
  4586 | D:5      | Reached skill level 8 in Conjurations
  5078 | D:5      | Noticed Edmund
  5085 | D:5      | Reached skill level 9 in Conjurations
  5098 | D:5      | Killed Edmund
  5099 | D:5      | Reached XP level 8. HP: 7/41 MP: 3/20
  5495 | D:5      | Reached skill level 10 in Conjurations
  5526 | D:5      | Found a burning altar of Makhleb.
  5564 | D:5      | Identified the +5 dagger "Eckiruas" {drain, *Noise MP+9
                  | Str+4}
  5814 | D:6      | Noticed Blork the orc
  5833 | D:6      | Killed Blork the orc
  6198 | D:6      | Noticed Maggie
  6225 | D:6      | Reached skill level 11 in Conjurations
  6236 | D:6      | Reached skill level 1 in Hexes
  6403 | D:6      | Reached skill level 1 in Fighting
  6740 | D:6      | Killed Maggie
  6741 | D:6      | Reached XP level 9. HP: 49/49 MP: 4/21
  6894 | D:6      | Found an opulent altar of Gozag.
  6958 | D:6      | Found a large runed translucent door.
  6958 | D:6      | Found a large runed translucent door.
  7680 | D:7      | Found a runed translucent door.
  7681 | D:7      | Noticed Crazy Yiuf
  7747 | D:7      | Reached skill level 12 in Conjurations
  7919 | D:7      | HP: 2/52 [orc warrior/boomerang (7)]
  8241 | D:7      | Learned a level 2 spell: Blink
  8252 | D:7      | Reached skill level 1 in Translocations
  8728 | D:7      | Noticed a komodo dragon
  8735 | D:7      | Killed a komodo dragon
  8886 | D:7      | Reached skill level 5 in Fighting
  9019 | D:7      | Reached XP level 10. HP: 59/59 MP: 12/22
  9082 | D:7      | Found a shimmering blue altar of Sif Muna.
  9293 | D:7      | Found a sparkling altar of Nemelex Xobeh.
  9651 | D:7      | Found a staircase to the Ecumenical Temple.
  9658 | Temple   | Entered the Ecumenical Temple
 10509 | D:8      | Reached skill level 13 in Conjurations
 10718 | D:8      | Found Tutumoeja's Armour Emporium.
 10924 | D:8      | Found a runed translucent gate.
 10925 | D:8      | Found a runed translucent gate.
 10947 | D:8      | Noticed leafyfresh's ghost (novice OpDe)
 10948 | D:8      | Found a runed translucent gate.
 11490 | D:9      | Found a staircase to the Lair.
 11596 | D:9      | Found a radiant altar of Vehumet.
 11599 | D:9      | Noticed a two-headed ogre
 11602 | D:9      | Became a worshipper of Vehumet
 11621 | D:9      | Slain by a two-headed ogre

Illustrated notes

Levels and vault maps discovered:
D:1:      sevenhm_arrival_forest_fort_small_4, layout_basic, serial_shops, shop,
          nicolae_lakefront_shop, nicolae_shop_crystal, shop,
          dreamdust_ecumenical_altar_hidden_monk_grotto
D:2:      layout_rooms, basic_altar, uniq_terence
D:3:      layout_loops_corners, general_overflow_altar,
          mainiacjoe_overflow_paths, hangedman_decor_riveting
D:4:      layout_loops_corners, dancing_weapons_uskayaw,
          gammafunk_ghost_abyssal_escape, dreamdust_gnoll_farm
D:5:      lemuel_ice_spiral_2, layout_basic, lemuel_doored_altar, minivault_23,
          uniq_edmund, uniq_sigmund
D:6:      layout_basic, lemuel_round_altar, jmf_multi_god_temple2,
          minmay_increasing_density, uniq_blork_the_orc, uniq_maggie
D:7:      cheibrodos_fzero, layout_loops_corners, kennysheep_mini,
          nemelex_dance_club_becter, minmay_temple_entry_offerings,
          chequers_serial_rivers_room_b, glass_columns_c,
          kennysheep_generic_room_7, uniq_crazy_yiuf_cottage
D:8:      layout_loops_cross, gammafunk_ghost_nasty_kobolds, serial_shops,
          nicolae_shop_statue_plus
D:9:      layout_stronghold, nicolae_vehumet_altar_sigil, erik_lair_island
Temple:   minmay_temple_curvy_loop

Skill      XL: |  1  2  3  4  5  6  7  8  9 10 |
---------------+-------------------------------+-----
Spellcasting   | 4 5 6 7 |  7.0
Conjurations   | 5 6 7 9 11 12 13 | 13.6
Hexes          | 4 |  4.0
Fighting       | 2 5 6 |  6.2
Translocations | 3 4 |  4.0
Dodging        | |  2.4
Stealth        | |  2.4

Action                   |  1- 3 |  4- 6 |  7- 9 | 10-12 || total
-------------------------+-------+-------+-------+-------++-------
 Cast: Magic Dart        |    66 |    67 |    87 |    45 ||   265
       Searing Ray       |     1 |    12 |    22 |    13 ||    48
       Fulminant Prism   |       |       |    46 |    18 ||    64
       Blink             |       |       |       |     8 ||     8
  Use: Scroll            |       |     6 |     1 |     5 ||    12
       Potion            |       |       |     1 |       ||     1
Armor: Robe              |       |     1 |     7 |       ||     8
       Steam dragon scal |       |       |     1 |     8 ||     9
Dodge: Dodged            |     5 |     9 |    26 |    18 ||    58
